 Dungeon Crawl Stone Soup version 0.23-a0-650-ga4d50d4 (webtiles) character file.

24589 Borgoz the Covert (level 13, 0/83 HPs)
             Began as a Kobold Gladiator on Jan 3, 2019.
             Was an Elder of Yredelemnul.
             Killed from afar by a deep elf mage (27 damage)
             ... with a bolt of lightning
             ... on level 14 of the Dungeon.
             The game lasted 00:46:45 (19084 turns).

Borgoz the Covert (Kobold Gladiator)               Turns: 19084, Time: 00:46:46

Health: 0/83       AC:  9    Str: 11    XL:     13   Next: 44%
Magic:  17/17      EV: 24    Int: 11    God:    Yredelemnul [****..]
Gold:   793        SH:  0    Dex: 20    Spells: 12/12 levels left

rFire    . . .     SeeInvis .   a - +2 dagger (drain)
rCold    . . .     Gourm    .   (shield restricted)
rNeg     . . .     Faith    .   L - +1 troll leather armour
rPois    +         Spirit   .   c - +0 helmet
rElec    .         Reflect  .   A - +0 cloak {MR+}
rCorr    +         Harm     .   (no gloves)
MR       ++...                  (no boots)
Stlth    +++++.....             H - amulet of rage
HPRegen  0.63/turn              B - ring of resist corrosion
MPRegen  0.15/turn              E - ring of protection from magic

@: no status effects
A: small, carnivore, poison resistance, wild magic 1
a: Recall Undead Slaves, Injury Mirror, Animate Dead, Drain Life, Renounce
Religion, Evoke Berserk Rage


You were on level 14 of the Dungeon.
You worshipped Yredelemnul.
Yredelemnul was greatly pleased with you.
You were completely stuffed.

You visited 3 branches of the dungeon, and saw 19 of its levels.
You also visited: Ice Cave.

You collected 919 gold pieces.
You spent 126 gold pieces at shops.

Inventory:

Hand Weapons
 a - a +2 dagger of draining (weapon)
 b - a +0 blowgun
Missiles
 d - 4 throwing nets (quivered)
 r - 24 poisoned needles
Armour
 c - a +0 helmet (worn)
 A - a +0 cloak of magic resistance (worn)
 L - a +1 troll leather armour (worn)
Jewellery
 B - a ring of resist corrosion (left hand)
 E - a ring of protection from magic (right hand)
 H - an amulet of rage (around neck)
 T - a +5 amulet of reflection
Wands
 i - a wand of iceblast (10)
 y - a wand of digging (6)
 F - a wand of flame (53)
Scrolls
 e - 3 scrolls of fear
 h - 3 scrolls of random uselessness {unknown}
 m - a scroll of amnesia
 n - 4 scrolls of blinking {unknown}
 p - 7 scrolls of teleportation
 q - a scroll of noise {unknown}
 s - a scroll of enchant armour
 J - 4 scrolls of magic mapping
 K - 2 scrolls of fog {unknown}
 O - a scroll of remove curse
Potions
 g - 2 potions of cancellation
 l - 3 potions of magic
 o - 5 potions of flight
 t - a potion of invisibility
 u - 2 potions of might
 v - a potion of ambrosia
 x - 2 potions of berserk rage
 z - 3 potions of curing
 G - 2 potions of resistance
 N - 2 potions of agility
Comestibles
 f - 32 rations
 j - 4 chunks of flesh


   Skills:
 + Level 10.7 Fighting
 + Level 12.7 Short Blades
 - Level 2.1 Throwing
 + Level 8.1 Armour
 + Level 11.8 Dodging
 + Level 13.1 Stealth
 + Level 5.4 Evocations


You had 12 spell levels left.
You didn't know any spells.
Your spell library contained the following spells:

 Spells                   Type           Power        Failure   Level  Hunger
 Animate Skeleton         Necr           N/A          50%         1    ##.....
 Apportation              Tloc           #.....       50%         1    ##.....
 Beastly Appendage        Tmut           #.....       50%         1    ##.....
 Confusing Touch          Hex            #.....       50%         1    ##.....
 Summon Butterflies       Summ           #.......     50%         1    ##.....
 Summon Small Mammal      Summ           #...         50%         1    ##.....
 Sticks to Snakes         Tmut           #.......     65%         2    ###....
 Lesser Beckoning         Tloc           #.........   86%         3    ####...
 Spider Form              Tmut/Pois      #.........   86%         3    ####...
 Tukima's Dance           Hex            #.......     86%         3    ####...
 Ice Form                 Ice/Tmut       #.......     99%         4    #####..
 Alistair's Intoxication  Tmut/Pois      #.......     100%        5    ######.
 Blade Hands              Tmut           #.........   100%        5    ######.
 Invisibility             Hex            #.......     100%        6    #######


Dungeon Overview and Level Annotations

Branches:
Dungeon (14/15)            Temple (1/1) D:6            Lair (4/6) D:8
 Shoals (0/4) Lair:3        Snake (0/4) Lair:4          Orc (0/2) D:10
 Vaults (0/5) D:13

Altars:
Ashenzari
Cheibriados
Dithmenos
Elyvilon
Fedhas
Gozag
Hepliaklqana
Kikubaaqudgha
Makhleb
Nemelex Xobeh
Okawaru
Qazlal
Ru
Sif Muna
Trog
Uskayaw
Vehumet
Wu Jian
Xom
Yredelemnul
Zin
The Shining One

Shops:
D:4 *   D:13 *

Annotations:
D:3 3 runed doors, Amnesiac's ghost, weakling SpTm
Lair:2 2 transporters


Innate Abilities, Weirdness & Mutations

You are small and have problems with some larger weapons.
You are carnivorous and can eat meat at any time.
Your system is resistant to poisons. (rPois)
Your spells are a little harder to cast, but a little more powerful.


Message History

The bolt of lightning misses you.
Things that are here:
5 chunks of flesh; a komodo dragon skeleton The deep elf mage casts a spell at you.
The bolt of lightning misses you.
The deep elf mage mumbles some strange words.
The deep elf mage blinks!
The spriggan hits you.
The deep elf mage gestures at you while chanting.
The bolt of lightning misses you. x2
The ogre shouts!
You hit the spriggan.
The spriggan is moderately wounded.
The spriggan hits you.
You closely miss the spriggan.
The spriggan is moderately wounded.
The deep elf mage casts a spell at you. The bolt of lightning hits you! x2
You die...
Your body rises from the dead as a mindless zombie.

# .# #. .... .# #.# ... #.#
#..######.##..
.#...>...#....#
.........O..#### ######
...............##.......
.......O..#.##.@}..#.....##
...............i..........##
.#...................<......
..##..#..###.e..............
............................
........##.................
....#....###...........[....
##......####........[.......
.........................


You could see a deep elf mage, an ogre and a spriggan shaped shifter.

Vanquished Creatures
  Gastronok (Lair:2)
  Harold (D:7)
  2 two-headed ogres
  A death knight (D:12)
  Nergalle (D:10)
  2 unseen horrors
  An orange crystal statue (D:10)
  4 ugly things (D:14)
  A cyclops (D:11)
  2 black mambas (Lair:2)
  2 spiny frogs (Lair:1)
  2 komodo dragons
  4 trolls
  A polar bear (IceCv)
  A hornet (D:14)
  6 hippogriffs
  A slime creature (D:11)
  A snapping turtle (Lair:3)
  4 blink frogs (Lair:3)
  A shadow (D:11)
  13 yaks
  5 hungry ghosts
  2 steam dragons
  Edmund (D:5)
  9 water moccasins
  4 porcupines
  2 eyes of draining
  2 ice beasts
  2 phantoms
  4 orc warriors
  4 sky beasts
  9 ogres
  2 necrophages (D:8)
  9 centaurs
  9 wolves
  A crocodile (Lair:2)
  9 bullfrogs
  6 scorpions
  15 killer bees
  A howler monkey (D:6)
  3 crimson imps
  A centaur zombie (D:10)
  A quasit (D:8)
  5 jellies
  8 orc priests
  Crazy Yiuf (D:7)
  2 bullfrog skeletons
  A gnoll shaman (D:5)
  5 hounds
  9 orc wizards
  3 centaur skeletons
  4 worker ants
  A hound zombie (D:5)
  A worker ant zombie (D:8)
  Robin (D:2)
  8 gnolls
  2 howler monkey skeletons
  16 adders
  A shadow imp (D:7)
  5 oozes (D:11)
  An adder zombie (D:9)
  A worm (D:5)
  2 dart slugs
  2 leopard geckos
  51 orcs
  5 giant cockroaches
  17 goblins
  5 hobgoblins
  8 jackals (D:4)
  7 kobolds
  3 quokkas
  2 ball pythons
  5 bats
  5 frilled lizards
  A goblin skeleton (D:4)
  3 goblin zombies (D:4)
  2 kobold zombies (D:4)
  A leopard gecko skeleton (D:5)
  2 orc skeletons (D:4)
  An orc zombie (D:4)
  A quokka skeleton (D:4)
  4 rats
  A fungus (D:7)
356 creatures vanquished.

Vanquished Creatures (collateral kills)
  A yak (D:12)
1 creature vanquished.

Vanquished Creatures (others)
  A plant (Lair:2)
1 creature vanquished.

Grand Total: 358 creatures vanquished

Notes
Turn   | Place    | Note
-------+----------+-------------------------------------------
     0 | D:1      | Borgoz the Kobold Gladiator began the quest for the Orb.
     0 | D:1      | Reached XP level 1. HP: 12/12 MP: 1/1
    85 | D:1      | Reached XP level 2. HP: 18/18 MP: 2/2
   256 | D:1      | Reached skill level 1 in Stealth
   482 | D:1      | Reached XP level 3. HP: 22/22 MP: 3/3
   814 | D:2      | Noticed Robin
  1087 | D:2      | Killed Robin
  1106 | D:2      | Reached skill level 1 in Armour
  1225 | D:2      | Reached XP level 4. HP: 21/27 MP: 4/4
  1266 | D:2      | Reached skill level 2 in Stealth
  1815 | D:2      | Found a sacrificial altar of Ru.
  1865 | D:3      | Reached XP level 5. HP: 32/32 MP: 5/5
  1934 | D:3      | Found a runed gate.
  1934 | D:3      | Found a runed gate.
  1934 | D:3      | Found a runed gate.
  1967 | D:3      | Reached skill level 5 in Short Blades
  2118 | D:3      | Noticed Amnesiac's ghost (weakling SpTm)
  2283 | D:3      | Found a blossoming altar of Fedhas.
  2398 | D:3      | Reached skill level 3 in Stealth
  2421 | D:3      | Found an opulent altar of Gozag.
  2569 | D:4      | Found a shattered altar of Ashenzari.
  2583 | D:4      | Reached XP level 6. HP: 37/37 MP: 6/6
  2625 | D:4      | Found Ruvvin's General Store.
  2810 | D:4      | Bought a scroll of identify for 28 gold pieces
  2810 | D:4      | Bought a potion of heal wounds for 70 gold pieces
  3257 | D:4      | Reached skill level 5 in Dodging
  3280 | D:4      | Reached XP level 7. HP: 12/42 MP: 7/7
  3582 | D:4      | Found a glowing golden altar of the Shining One.
  3598 | D:4      | Reached skill level 4 in Stealth
  3944 | D:5      | Entered Level 5 of the Dungeon
  4021 | D:5      | Noticed Edmund
  4047 | D:5      | Killed Edmund
  4087 | D:5      | Found an ancient bone altar of Kikubaaqudgha.
  4362 | D:5      | Found a burning altar of Makhleb.
  4440 | D:5      | Found a bloodstained altar of Trog.
  4592 | D:5      | Found an iron altar of Okawaru.
  4919 | D:5      | Found a glowing golden altar of the Shining One.
  5039 | D:6      | Reached skill level 5 in Stealth
  5039 | D:6      | Reached XP level 8. HP: 47/48 MP: 8/8
  5202 | D:6      | Reached skill level 5 in Fighting
  5203 | D:6      | Found a bloodstained altar of Trog.
  5718 | D:6      | Reached skill level 6 in Stealth
  5898 | D:6      | Found a staircase to the Ecumenical Temple.
  5965 | Temple   | Entered the Ecumenical Temple
  6089 | Temple   | Became a worshipper of Yredelemnul the Dark
  6252 | D:7      | Reached XP level 9. HP: 45/54 MP: 9/9
  6689 | D:7      | Reached skill level 7 in Stealth
  6897 | D:7      | Noticed Harold
  7051 | D:7      | Noticed a two-headed ogre
  7092 | D:7      | You fall through a shaft!
  7106 | D:8      | Found a shadowy altar of Dithmenos.
  7106 | D:8      | Noticed a hippogriff
  7107 | D:8      | Found a hide-covered altar of Uskayaw.
  7535 | D:8      | Reached skill level 8 in Stealth
  7622 | D:8      | Found a staircase to the Lair.
  7956 | D:8      | Killed a hippogriff
  7956 | D:8      | Reached XP level 10. HP: 45/61 MP: 10/10
  8034 | D:8      | Found a hazy altar of Hepliaklqana.
  8066 | D:8      | Found a sparkling altar of Nemelex Xobeh.
  8248 | D:8      | Found a deep blue altar of Sif Muna.
  8374 | D:8      | Reached skill level 5 in Armour
  8472 | D:8      | Reached * piety under Yredelemnul
  8524 | D:8      | Reached skill level 9 in Stealth
  8987 | D:7      | Killed Harold
  9176 | D:7      | Killed a two-headed ogre
  9414 | D:7      | Found a runed door.
  9418 | D:7      | Noticed Crazy Yiuf
  9422 | D:7      | Killed Crazy Yiuf
 10351 | Lair:1   | Entered Level 1 of the Lair of Beasts
 10356 | Lair:1   | Found a sacrificial altar of Ru.
 10358 | Lair:1   | Reached skill level 10 in Short Blades
 10358 | Lair:1   | Reached XP level 11. HP: 68/68 MP: 11/11
 10400 | Lair:1   | Reached skill level 10 in Stealth
 10761 | Lair:1   | Found a frozen archway.
 10776 | IceCv    | Entered an ice cave
 10778 | IceCv    | Gained mutation: Your system is resistant to poisons.
                  | (rPois) [potion of mutation]
 10778 | IceCv    | Gained mutation: Your spells are a little harder to cast,
                  | but a little more powerful. [potion of mutation]
 11192 | Lair:1   | Reached ** piety under Yredelemnul
 11931 | D:9      | Noticed a two-headed ogre
 11966 | D:9      | Killed a two-headed ogre
 12302 | D:9      | Reached skill level 10 in Dodging
 12401 | D:10     | Entered Level 10 of the Dungeon
 12776 | D:10     | Found a staircase to the Orcish Mines.
 12862 | D:10     | Noticed Nergalle
 13162 | D:10     | Reached skill level 11 in Stealth
 13415 | D:10     | Noticed an orange crystal statue
 13743 | D:11     | Noticed a cyclops
 14135 | Lair:2   | Noticed Gastronok
 14141 | Lair:2   | Reached XP level 12. HP: 56/76 MP: 12/12
 14169 | Lair:2   | Killed Gastronok
 14188 | Lair:2   | Got a translucent mace
 14316 | Lair:2   | Reached *** piety under Yredelemnul
 14363 | Lair:2   | Reached skill level 1 in Evocations
 14406 | Lair:2   | Found a transporter.
 14410 | Lair:2   | Noticed a fire crab
 14443 | Lair:2   | Found a transporter.
 15028 | Lair:3   | Reached skill level 12 in Stealth
 15112 | Lair:3   | Got an ivory long sword
 15329 | Lair:3   | Found a staircase to the Shoals.
 15870 | Lair:4   | Found a staircase to the Snake Pit.
 16102 | Lair:1   | Identified the +6 long sword "Ocoigari" {venom, Dex+4} (You
                  | found it on level 3 of the Lair of Beasts)
 16104 | Lair:1   | Identified the cursed +1 mace "Nimn" {elec, rC- rN+ Int+4}
                  | (You found it on level 2 of the Lair of Beasts)
 16399 | D:5      | Killed an unseen horror
 16754 | D:10     | Reached skill level 10 in Fighting
 16837 | D:10     | Killed Nergalle
 17094 | D:11     | Received a gift from Yredelemnul (a mummy)
 17409 | D:11     | Reached XP level 13. HP: 76/82 MP: 15/15
 17966 | D:12     | Found a sparkling altar of Nemelex Xobeh.
 18168 | D:12     | Received a gift from Yredelemnul (a mummy)
 18676 | D:13     | Found Oneikh's General Store.
 18680 | D:13     | Bought a scroll of identify for 28 gold pieces
 18744 | D:13     | Found a gate to the Vaults.
 18744 | D:13     | Noticed a vault guard
 18744 | D:13     | Noticed a vault guard
 18744 | D:13     | Noticed a vault guard
 18744 | D:13     | Noticed a four-headed hydra
 18744 | D:13     | Noticed a vault guard
 18813 | D:14     | Reached **** piety under Yredelemnul
 18836 | D:14     | Reached skill level 5 in Evocations
 18881 | D:14     | Reached skill level 13 in Stealth
 19084 | D:14     | Killed from afar by a deep elf mage

Vault maps used:
D:1:      onia_arrival_mini_spirals, amethyst_killhole
D:2:      nicolae_ru_the_path_less_chosen, first_ration, uniq_robin
D:3:      grunt_gozag_statues, old_standard_altar, ebering_ghost_rock_garden
D:4:      nicolae_tso_besieged_by_evil, kennysheep_diamond, ashenzari_altar_1
D:5:      marbit_many_paths, lemuel_round_altar, okawaru_ov_weapons_minmay,
          kennysheep_little_box, basic_altar, uniq_edmund
D:6:      minmay_temple_entry_enclosed_plants, bloody_trog
D:7:      uniq_harold, uniq_crazy_yiuf_cottage
D:8:      nemelex_xobeh_ov_fountains_minmay, led_sif_book,
          gammafunk_temple_overflow_pools, kennysheep_mini, dpeg_oklobed_lair
D:10:     minmay_separated_statues, orc_0_dummy, uniq_nergalle
D:11:     hangedman_little_slice_of_home, nrook_pool_corridor
D:12:     basic_altar
D:13:     lightli_vaults_fourway_checkpoint, serial_shops, shop
D:14:     minmay_misc_feat_secret_circle, laboratory, uniq_frances
Temple:   nicolae_temple_figure_zero
Lair:1:   portal_ice_cave_entry_pillars_1, lemuel_altar_in_water2
Lair:2:   gammafunk_cloud_chamber, uniq_gastronok
Lair:3:   minmay_shoals_entry_hut
Lair:4:   minmay_snake_entry_guardpost_small, gammafunk_lair_bear_cave,
          uniq_nessos
IceCv:    ice_cave_small_giant

Skill      XL: |  1  2  3  4  5  6  7  8  9 10 11 12 13 |
---------------+----------------------------------------+-----
Stealth        | 1 2 3 5 6 8 9 11 12 13 | 13.1
Dodging        | 4 5 6 7 9 10 11 | 11.8
Armour         | 1 2 3 4 5 6 7 8 |  8.1
Fighting       | 3 4 5 6 8 9 10 | 10.7
Short Blades   | 5 6 7 8 10 11 12 | 12.7
Evocations     | 3 5 |  5.4
Throwing       | |  2.1

Action                   |  1- 3 |  4- 6 |  7- 9 | 10-12 | 13-15 || total
-------------------------+-------+-------+-------+-------+-------++-------
Melee: Rapier            |    89 |    14 |       |       |       ||   103
       Short sword       |       |   186 |   542 |  1190 |       ||  1918
       Dagger            |       |       |       |   232 |   360 ||   592
Throw: Throwing net      |       |       |       |     7 |       ||     7
Invok: Recall Undead Sla |       |       |       |       |     1 ||     1
 Abil: Evoke Berserk Rag |       |       |       |     3 |     1 ||     4
  Use: Scroll            |       |       |     8 |    14 |     4 ||    26
       Potion            |       |       |     4 |     8 |     1 ||    13
 Stab: Sleeping          |     6 |     8 |     6 |    25 |     7 ||    52
       Distracted        |       |     1 |       |     2 |       ||     3
       Held in net/web   |       |       |       |     8 |       ||     8
  Eat: Chunk             |     9 |    11 |    24 |    55 |    13 ||   112
       Ration            |       |       |     3 |       |       ||     3
Armor: Leather armour    |    18 |    26 |     6 |       |       ||    50
       Ring mail         |       |       |    77 |   114 |       ||   191
       Troll leather arm |       |       |       |    68 |    36 ||   104
Dodge: Dodged            |    83 |   147 |   338 |  1180 |   300 ||  2048

Table legend:
 A = Non-vault XP
 B = Vault XP
 C = Vault XP percentage of total XP
 D = Non-vault monster count
 E = Vault monster count
 F = Vault count percentage of total count
                 A         B        C        D         E       F
            +---------+---------+-------+---------+---------+-------
      Total |   29203 |    5925 |  16.9 |     312 |      44 |  12.4
            +---------+---------+-------+---------+---------+-------
        D:1 |      30 |       5 |  14.3 |      17 |       3 |  15.0
        D:2 |      60 |      33 |  35.5 |      16 |      10 |  38.5
        D:3 |     125 |       0 |   0.0 |      16 |       0 |   0.0
        D:4 |     269 |     110 |  29.0 |      21 |      13 |  38.2
        D:5 |    1018 |     164 |  13.9 |      22 |       1 |   4.3
        D:6 |     952 |       0 |   0.0 |      16 |       0 |   0.0
        D:7 |    1939 |    1017 |  34.4 |      18 |       2 |  10.0
        D:8 |    2645 |       0 |   0.0 |      40 |       0 |   0.0
        D:9 |    2037 |       0 |   0.0 |      29 |       0 |   0.0
       D:10 |    1349 |    1460 |  52.0 |      17 |       2 |  10.5
       D:11 |    3259 |     416 |  11.3 |      30 |       9 |  23.1
       D:12 |    3606 |       0 |   0.0 |      18 |       0 |   0.0
       D:14 |    4154 |       0 |   0.0 |      13 |       0 |   0.0
     Lair:1 |    2808 |       0 |   0.0 |      12 |       0 |   0.0
     Lair:2 |    2535 |    2068 |  44.9 |      13 |       1 |   7.1
     Lair:3 |    2417 |     250 |   9.4 |      14 |       1 |   6.7
      IceCv |       0 |     402 | 100.0 |       0 |       2 | 100.0
            +---------+---------+-------+---------+---------+-------
